 Dungeon Sprint DCSS version 0.23.0-28-g6fe0f4d (webtiles) character file.

Game seed: 6842672928119329751

0 Fang the Skirmisher (level 1, -1/21 HPs)
             Began as a Gargoyle Berserker on Feb 25, 2019.
             Was a Follower of Trog.
             Slain by a rust devil (5 damage)
             ... summoned by an orc high priest
             ... in the Dungeon (Sprint V: "Ziggurat Sprint").
             The game lasted 00:00:25 (86 turns).

Fang the Skirmisher (Gargoyle Berserker)              Turns: 86, Time: 00:00:25

Health: -1/21      AC: 16    Str: 37    XL:     1   Next: 0%
Magic:  1/1        EV:  6    Int:  7    God:    Trog [*.....]
Gold:   0          SH:  0    Dex:  9    Spells: 0/0 levels left

rFire    + . .     SeeInvis .   k - +5 executioner's axe
rCold    + . .     Gourm    .   (shield currently unavailable)
rNeg     + . .     Faith    .   j - +5 gold dragon scales
rPois    ∞         Spirit   .   (no helmet)
rElec    +         Reflect  .   (no cloak)
rCorr    .         Harm     .   (no gloves)
MR       .....     NoTele   +   (no boots)
Stlth    ..........             (no amulet)
HPRegen  0.07/turn              D - +6 ring of strength
MPRegen  0.07/turn              E - +6 ring of strength

@: berserking (expiring), corroded, very quick
A: negative energy resistance 1, electricity resistance, unbreathing,
petrification resistance, rot immunity, AC +2
a: Berserk, Renounce Religion


You were in the Dungeon.
You worshipped Trog.
Trog was aware of your devotion.
You were not hungry.

You visited 1 branch

Inventory:

Hand Weapons
 k - a +5 executioner's axe (weapon)
Armour
 j - +5 gold dragon scales (worn)
Jewellery
 D - a +6 ring of strength (left hand)
 E - a +6 ring of strength (right hand)
Wands
 w - a wand of disintegration (7)
 x - a wand of iceblast (7)
 y - a wand of acid (7)
Scrolls
 i - 4 scrolls of blinking
 l - 7 scrolls of fog
 m - a scroll of holy word
 n - 5 scrolls of identify
 o - 5 scrolls of remove curse
 p - 2 scrolls of fear
Potions
 d - 10 potions of curing
 e - 10 potions of heal wounds
 f - 6 potions of haste
 g - 7 potions of magic
 h - 3 potions of berserk rage
 q - 2 potions of brilliance
 r - 2 potions of invisibility
 s - 4 potions of resistance
 t - a potion of experience
 u - 5 potions of agility
 v - 5 potions of might
Comestibles
 c - 7 rations


   Skills:
 + Level 3.2 Fighting
 + Level 2.6 Axes
 + Level 2.1 Armour
 + Level 1.5 Dodging


You couldn't memorise any spells.
You didn't know any spells.
Your spell library was empty.

Dungeon Overview and Level Annotations

Branches:
Dungeon (1/1)

Altars:
Ashenzari
Cheibriados
Dithmenos
Elyvilon
Fedhas
Gozag
Hepliaklqana
Kikubaaqudgha
Makhleb
Nemelex Xobeh
Okawaru
Qazlal
Ru
Sif Muna
Trog
Uskayaw
Vehumet
Wu Jian
Xom
Yredelemnul
Zin
The Shining One
Beogh
Jiyva
Lugonu

Annotations:
D 1 transporter


Innate Abilities, Weirdness & Mutations

You are resistant to torment.
Your stone body is resilient. (AC +2)
You are immune to poison.
You resist negative energy. (rN+)
You are resistant to electric shocks. (rElec)
You can survive without breathing.
You are immune to petrification.
You are immune to rotting.


Message History

The orc high priest hits you but does no damage.
The deep elf mage hits you but does no damage.
The orange demon stings you but does no damage.
You slash the orc high priest!
The orc high priest is severely wounded.
You hit the hellwing.
Your gold dragon scales prevents you from hitting the rust devil.
The orc high priest barely misses you. The rust devil hits you.
The rust devil corrodes you!
The deep elf mage hits you but does no damage.
The hellwing barely misses you.
The hellwing hits you but does no damage.
The orange demon barely misses you.
Unknown command.
Your gold dragon scales prevents you from hitting the orc high priest.
The orc high priest is severely wounded.
You slash the rust devil!
Your gold dragon scales prevents you from hitting the hellwing.
The rust devil hits you.
You die...

▓▓▓▓▓▓▓
▓.8©8.▓
▓.....▓
▓.[4e.▓
▓..o4.▓
▓..@4.▓
▓..©..▓
▓▓▓▓▓▓▓


You could see an orc high priest, an orange demon, a hellwing, a rust devil and
a deep elf mage.

Vanquished Creatures (others)
  A spatial maelstrom (D)
1 creature vanquished.

Notes
Turn   | Place    | Note
-------+----------+-------------------------------------------
     0 | D        | Found the +6 Majin-Bo {vamp, Archmagi MP+6 Int+6}
     0 | D        | Found the +7 great mace "Firestarter" {inner flame, rF++}
     0 | D        | Fang the Gargoyle Berserker began the quest for the Orb.
     0 | D        | Reached XP level 1. HP: 14/14 MP: 1/1
     0 | D        | Found a blossoming altar of Fedhas.
     6 | D        | Found a viscous altar of Jiyva.
     6 | D        | Found a hazy altar of Hepliaklqana.
     6 | D        | Found a transporter.
     6 | D        | Found an opulent altar of Gozag.
     6 | D        | Found an ancient bone altar of Kikubaaqudgha.
     6 | D        | Found a corrupted altar of Lugonu.
     6 | D        | Banished a spatial maelstrom
    10 | D        | Found a burning altar of Makhleb.
    11 | D        | Found a sacrificial altar of Ru.
    11 | D        | Found a stormy altar of Qazlal.
    11 | D        | Found a deep blue altar of Sif Muna.
    11 | D        | Found an iron altar of Okawaru.
    11 | D        | Found a bloodstained altar of Trog.
    11 | D        | Found a sparkling altar of Nemelex Xobeh.
    74 | D        | Entered arena 2.
    74 | D        | Noticed an orc high priest
    74 | D        | Noticed a deep elf mage
    74 | D        | Found a transporter.
    80 | D        | Noticed an orange demon
    84 | D        | Noticed a hellwing
    84 | D        | Noticed a rust devil
    86 | D        | Slain by a rust devil

Action                   || total
-------------------------++-------
Melee: Executioner's axe ||    10
Invok: Berserk           ||     1
Armor: Gold dragon scale ||    21
Dodge: Dodged            ||     7
